 Dungeon Sprint DCSS version 0.28.0-53-g5a82cb258f (webtiles) character file.

Game seed: 6391066860563899871

7700000 Groucho the Intangible (level 27, -64/186 (228) HPs)
             Began as a Djinni Wanderer on June 7, 2022.
             Was the Champion of Makhleb.
             Killed from afar by a wretched soul (135 damage)
             ... with a bolt of negative energy
             ... in the Dungeon (Sprint VIII: "Arena of Blood").
             The game lasted 00:05:24 (77 turns).

Groucho the Intangible (Djinni Wanderer)              Turns: 77, Time: 00:05:24

HP:   -64/186 (228) AC:  6    Str: 11    XL:     27
Gold: 0             EV: 39    Int: 15    God:    Makhleb [******] SH:  0 Dex: 26

rFire   + + .      SeeInvis .   k - +∞ Axe of Woe
rCold   x . .      Faith    .   (shield currently unavailable)
rNeg    . . .      Spirit   .   e - +0 robe
rPois   ∞          Reflect  .   d - +0 helmet
rElec   .          Harm     .   (no cloak)
rCorr   .          Rampage  .   (no gloves)
Will    ++...      NoTele   +   (boots unavailable)
Stlth   ++++++++++              (no amulet)
HPRegen 0.41/turn               l - +30 ring of slaying
MPRegen 0.00/turn               (no ring)

@: flying, slowed, heavily drained, very slow
A: sickness immunity, fire resistance 2, cold vulnerability 1, float, innate
caster, HP casting, extra vitality 1
a: Renounce Religion, Minor Destruction, Lesser Servant of Makhleb, Major
Destruction, Greater Servant of Makhleb


You were in the Dungeon.
You worshipped Makhleb.
Makhleb was exalted by your worship.
You visited 1 branch

Inventory:

Hand Weapons
 a - a +0 hand crossbow
 k - the +∞ Axe of Woe (weapon)
   (You found it in the Dungeon)
Missiles
 c - 24 bolts
Armour
 d - a +0 helmet (worn)
 e - a +0 robe (worn)
Jewellery
 l - a +30 ring of slaying (left hand)
Wands
 b - a wand of mindburst (10) (quivered)
Scrolls
 j - a scroll of blinking
Potions
 f - a potion of curing
 g - a potion of heal wounds
 h - a potion of haste
 i - a potion of berserk rage


   Skills:
 O Level 27 Fighting
 O Level 27 Short Blades
 O Level 27 Long Blades
 O Level 27 Axes
 O Level 27 Maces & Flails
 O Level 27 Polearms
 O Level 27 Staves
 O Level 27 Slings
 O Level 27 Bows
 O Level 27 Crossbows
 O Level 27 Throwing
 O Level 27 Armour
 O Level 27 Dodging
 + Level 26.1 Stealth
 O Level 27 Shields
 O Level 27 Unarmed Combat
 O Level 27 Spellcasting
 O Level 27 Invocations
 O Level 27 Evocations


You had 12 spell levels left.
You knew the following spells:

 Your Spells              Type           Power      Damage    Failure   Level
a - Animate Skeleton      Necr           100%       N/A       0%          1
b - Static Discharge      Conj/Air       79%        N/A       0%          2
c - Dazzling Flash        Conj/Hex       100%       N/A       0%          3
d - Gell's Gravitas       Tloc           79%        N/A       0%          3
e - Airstrike             Air            39%        N/A       0%          4
f - Blade Hands           Tmut           39%        N/A       0%          5
g - Simulacrum            Ice/Necr       39%        N/A       0%          6
h - Iron Shot             Conj/Erth      39%        9d8       0%          6
i - Statue Form           Tmut/Erth      52%        N/A       0%          6
j - Summon Horrible Thin  Summ           39%        N/A       1%          8
k - Haunt                 Necr/Summ      39%        N/A       1%          7
l - Maxwell's Capacitive  Air            39%        ∞         1%          8
m - Chain Lightning       Conj/Air       39%        3d52      2%          9
Your spell library was empty.

Dungeon Overview and Level Annotations

Branches:
Dungeon (1/1)

Altars:
Makhleb


Innate Abilities, Weirdness & Mutations

You are immune to sickness and miasma.
You are immune to poison.
Your flesh is very heat resistant. (rF++)
You are vulnerable to cold. (rC-)
You float through the air rather than walking.
You learn spells naturally, not from books.
Your magical power is your life essence.
You have superior vitality. (+4 MHP)


Message History

You hear a shout! x3
A meat berserker comes into view. It is wielding a +9 battleaxe.
You hear a shout!
You hear a roar!
You have mastered Shields!
You have mastered Evocations!
You need to enable at least one skill for training.
Your Stealth skill gained 14 levels and is now at level 15!
The eight-headed meat hydra roars!
You slice the bag of meat!!
You pulverise the bag of meat into a thin bloody mist.
You kill the bag of meat!
Makhleb accepts your kill.
You feel better.
You slice the dread!!
You fatally mangle the dread.
You destroy the dread!
Makhleb accepts your kill.
You slash the meat berserker!
You fatally mangle the meat berserker.
You kill the meat berserker!
Makhleb accepts your kill.
You feel better.
You are engulfed in blazing flames.
You resist.
A meat beast comes into view.
You hear a shout! x6
A large bag of meat comes into view. It is wielding a +9 giant spiked club.
You hear a shout! x4
Your Stealth skill gained 11 levels and is now at level 26!
You are engulfed in blazing flames.
You resist.
You hear a shout!
A meat beast comes into view.
You hear a shout! x9
A bag of meat comes into view. It is wielding a +9 war axe.
You hear a shout! x2
The eight-headed meat hydra calls on the powers of darkness!
The eight-headed meat hydra convulses!
The meat berserker convulses!
Your body is wracked with pain!
The bag of meat convulses!
The meat berserker convulses!
You hear a shout!
A bolt of negative energy appears from out of thin air!
Deactivating autopickup; reactivate with Ctrl-A.
The bolt of negative energy hits you!!!!
You feel drained.
Ouch! That really hurt!
You die...

.. .. #O. ..#
#.. ..# .###..
..###o
....{.###......
D...._....o .
#.)O).# ...
#_§@)_# .
.....#.)))o#....
......).°°....X.
......)###......
..###.O ..###.
#.. ..# #.. .#
o.. .. .... ..


You could see an eight-headed meat hydra, a large bag of meat (inner flame), 2
meat berserkers and 4 bags of meat.

Vanquished Creatures
  A hell beast (D)
  3 royal mummies (D)
  A wraith (D)
  10 vampire knights (D)
  23 ogres (D)
  6 two-headed ogres (D)
  3 liches (D)
  46 orcs (D)
  4 skeletal warriors (D)
97 creatures vanquished.

Notes
Turn   | Place    | Note
-------+----------+-------------------------------------------
     0 | D        | Found the +∞ Axe of Woe
     0 | D        | Groucho the Djinni Wanderer began the quest for the Orb.
     0 | D        | Reached XP level 1. HP: 15/15 MP: 0/0
     2 | D        | Noticed a meat berserker
     2 | D        | Noticed a meat berserker
     3 | D        | Noticed a bag of meat
     4 | D        | Became a worshipper of Makhleb the Destroyer
     5 | D        | Noticed a bag of meat
     5 | D        | Noticed a bag of meat
     6 | D        | Killed a meat berserker
     6 | D        | Killed a meat berserker
     6 | D        | Reached * piety under Makhleb
     6 | D        | Noticed a bag of meat
     6 | D        | Noticed a bag of meat
     6 | D        | Noticed a bag of meat
     6 | D        | Noticed a bag of meat
     7 | D        | Reached XP level 2. HP: 1/21 MP: 0/0
     7 | D        | Reached XP level 3. HP: 2/25 MP: 0/0
     7 | D        | Learned a level 1 spell: Animate Skeleton
     7 | D        | Reached XP level 4. HP: 2/31 MP: 0/0
     7 | D        | Reached XP level 5. HP: 3/35 MP: 0/0
     7 | D        | Learned a level 2 spell: Static Discharge
     7 | D        | Reached XP level 6. HP: 3/40 MP: 0/0
     7 | D        | Reached XP level 7. HP: 4/45 MP: 0/0
     7 | D        | Learned a level 3 spell: Dazzling Flash
     7 | D        | Reached XP level 8. HP: 4/50 MP: 0/0
     7 | D        | Reached XP level 9. HP: 4/55 MP: 0/0
     7 | D        | Learned a level 3 spell: Gell's Gravitas
     7 | D        | Reached XP level 10. HP: 5/60 MP: 0/0
     7 | D        | Reached XP level 11. HP: 5/65 MP: 0/0
     7 | D        | Learned a level 4 spell: Airstrike
     7 | D        | Reached XP level 12. HP: 6/70 MP: 0/0
     7 | D        | Reached XP level 13. HP: 6/75 MP: 0/0
     7 | D        | Learned a level 5 spell: Blade Hands
     7 | D        | Killed a bag of meat
     8 | D        | Reached skill level 27 in Dodging
     8 | D        | Reached XP level 14. HP: 38/80 MP: 0/0
     8 | D        | Killed a bag of meat
     9 | D        | Noticed a bag of meat
    10 | D        | Noticed a bag of meat
    11 | D        | Noticed a bag of meat
    11 | D        | Killed a bag of meat
    11 | D        | Reached ** piety under Makhleb
    11 | D        | Killed a bag of meat
    12 | D        | Reached XP level 15. HP: 85/85 MP: 0/0
    12 | D        | Learned a level 6 spell: Simulacrum
    13 | D        | Reached skill level 27 in Axes
    13 | D        | Reached *** piety under Makhleb
    16 | D        | Noticed a meat berserker
    18 | D        | Reached **** piety under Makhleb
    18 | D        | Noticed a large bag of meat
    18 | D        | Noticed a meat berserker
    19 | D        | Reached skill level 15 in Fighting
    19 | D        | Reached skill level 15 in Armour
    19 | D        | Reached XP level 16. HP: 126/126 MP: 0/0
    21 | D        | Noticed a meat berserker
    23 | D        | Killed a meat berserker
    23 | D        | Noticed a meat berserker
    24 | D        | Reached XP level 17. HP: 145/145 MP: 0/0
    24 | D        | Learned a level 6 spell: Iron Shot
    24 | D        | Noticed a large bag of meat
    24 | D        | Noticed a meat berserker
    24 | D        | Noticed a large bag of meat
    24 | D        | Noticed a destroyer
    25 | D        | Noticed a large bag of meat
    25 | D        | Killed a meat berserker
    25 | D        | Reached ***** piety under Makhleb
    25 | D        | Killed a large bag of meat
    25 | D        | Killed a large bag of meat
    26 | D        | Reached XP level 18. HP: 144/166 MP: 0/0
    27 | D        | Killed a destroyer
    27 | D        | Killed a meat berserker
    28 | D        | Reached skill level 27 in Fighting
    28 | D        | Reached skill level 27 in Armour
    28 | D        | Reached XP level 19. HP: 169/174 MP: 0/0
    28 | D        | Learned a level 6 spell: Statue Form
    28 | D        | Killed a large bag of meat
    30 | D        | Killed a meat berserker
    30 | D        | Reached ****** piety under Makhleb
    30 | D        | Killed a meat berserker
    31 | D        | Reached XP level 20. HP: 178/181 MP: 0/0
    32 | D        | Reached skill level 27 in Spellcasting
    34 | D        | Killed a large bag of meat
    34 | D        | Noticed a meat berserker
    35 | D        | Reached XP level 21. HP: 168/187 MP: 0/0
    35 | D        | Learned a level 8 spell: Summon Horrible Things
    35 | D        | Noticed a destroyer
    37 | D        | Noticed a destroyer
    39 | D        | Killed a meat berserker
    40 | D        | Reached skill level 27 in Unarmed Combat
    40 | D        | Reached skill level 27 in Invocations
    40 | D        | Killed a destroyer
    41 | D        | Reached XP level 22. HP: 187/194 MP: 0/0
    42 | D        | Noticed a meat berserker
    42 | D        | Noticed a meat berserker
    42 | D        | Noticed a destroyer
    44 | D        | Killed a destroyer
    45 | D        | Noticed a meat berserker
    45 | D        | Noticed a meat berserker
    47 | D        | Noticed an accursed
    47 | D        | Noticed a meat berserker
    48 | D        | Noticed a meat berserker
    49 | D        | Killed a meat berserker
    49 | D        | Killed a meat berserker
    49 | D        | Noticed a meat berserker
    49 | D        | Noticed a meat berserker
    50 | D        | Reached skill level 15 in Short Blades
    50 | D        | Reached skill level 15 in Long Blades
    50 | D        | Reached skill level 15 in Staves
    50 | D        | Reached XP level 23. HP: 201/201 MP: 0/0
    50 | D        | Learned a level 7 spell: Haunt
    51 | D        | Noticed a destroyer
    53 | D        | Noticed a large bag of meat
    54 | D        | Noticed a destroyer
    55 | D        | Killed a destroyer
    55 | D        | Noticed a tyrant
    56 | D        | Reached XP level 24. HP: 208/208 MP: 0/0
    56 | D        | Noticed a large bag of meat
    57 | D        | Killed a large bag of meat
    58 | D        | Killed a destroyer
    58 | D        | Noticed a destroyer
    59 | D        | Reached XP level 25. HP: 209/214 MP: 0/0
    59 | D        | Learned a level 8 spell: Maxwell's Capacitive Coupling
    59 | D        | Killed a tyrant
    59 | D        | Noticed a tyrant
    60 | D        | Noticed a destroyer
    60 | D        | Noticed a destroyer
    62 | D        | Reached skill level 27 in Short Blades
    62 | D        | Reached skill level 27 in Long Blades
    62 | D        | Reached skill level 27 in Staves
    62 | D        | Noticed a tyrant
    62 | D        | Noticed a destroyer
    63 | D        | Reached skill level 27 in Maces & Flails
    63 | D        | Reached skill level 27 in Polearms
    63 | D        | Reached XP level 26. HP: 219/221 MP: 0/0
    63 | D        | Noticed a destroyer
    64 | D        | Noticed a meat beast
    64 | D        | Noticed an accursed
    64 | D        | Noticed an accursed
    66 | D        | Reached skill level 10 in Slings
    66 | D        | Reached skill level 10 in Bows
    66 | D        | Reached skill level 10 in Crossbows
    66 | D        | Reached skill level 10 in Throwing
    66 | D        | Killed a destroyer
    66 | D        | Killed a destroyer
    66 | D        | Killed a destroyer
    67 | D        | Reached XP level 27. HP: 224/228 MP: 0/0
    67 | D        | Learned a level 9 spell: Chain Lightning
    68 | D        | Killed an accursed
    68 | D        | Killed a large bag of meat
    70 | D        | Killed a meat beast
    71 | D        | Killed a tyrant
    71 | D        | Killed a tyrant
    72 | D        | Noticed a dread
    72 | D        | Killed a destroyer
    73 | D        | Reached skill level 27 in Slings
    73 | D        | Reached skill level 27 in Bows
    73 | D        | Reached skill level 27 in Crossbows
    73 | D        | Reached skill level 27 in Throwing
    73 | D        | Reached skill level 15 in Shields
    73 | D        | Killed an accursed
    74 | D        | Killed a destroyer
    75 | D        | Killed an accursed
    76 | D        | Reached skill level 27 in Shields
    76 | D        | Reached skill level 27 in Evocations
    76 | D        | Reached skill level 15 in Stealth
    76 | D        | Killed a dread
    76 | D        | Noticed a meat beast
    76 | D        | Noticed a large bag of meat
    77 | D        | Noticed a meat beast
    77 | D        | Killed from afar by a wretched soul

Illustrated notes

Levels and vault maps discovered:
D:        meatsprint

Skill      XL: |  1  2  3  4  5  6  7  8  9 10 11 12 13 14 15 16 17 18 19 20 21 22 23 24 25 26 27 |
---------------+----------------------------------------------------------------------------------+-----
Axes           | 20 21 26 27 | 27.0
Dodging        | 25 27 | 27.0
Fighting       | 15 20 26 27 | 27.0
Armour         | 15 20 26 27 | 27.0
Spellcasting   | 18 26 27 | 27.0
Unarmed Combat | 21 27 | 27.0
Invocations    | 21 27 | 27.0
Short Blades   | 8 15 21 24 27 | 27.0
Long Blades    | 8 15 21 24 27 | 27.0
Maces & Flails | 8 14 19 22 27 | 27.0
Polearms       | 8 14 19 22 27 | 27.0
Staves         | 8 15 21 24 27 | 27.0
Slings         | 2 16 27 | 27.0
Bows           | 2 16 27 | 27.0
Crossbows      | 3 17 27 | 27.0
Throwing       | 2 16 27 | 27.0
Shields        | 27 | 27.0
Evocations     | 27 | 27.0
Stealth        | 26 | 26.1

Action                   |  1- 3 |  4- 6 |  7- 9 | 10-12 | 13-15 | 16-18 | 19-21 | 22-24 | 25-27 || total
-------------------------+-------+-------+-------+-------+-------+-------+-------+-------+-------++-------
Melee: Executioner's axe |     1 |       |       |       |     7 |     5 |    10 |    10 |    17 ||    50
Dodge: Dodged            |       |       |       |       |       |       |       |       |     2 ||     2
